Cogmind - Beta 15 @@@ ROGUE MODE // 2025.07.19 @ 22:47:51 Player: LameThyst Result: Destroyed by JQ-RD4(R) with Subdweller Beam Cannon Performance ------------- Evolutions (0) 0 Regions Visited (2) 400 Robots Destroyed (25) 125 Value Destroyed (637) 637 Prototype IDs (11) 220 Alien Tech Used (0) 0 Bonus (0) 0 TOTAL SCORE: 1382 Bonus ------- None Cogmind --------- Core Integrity 0/250 Matter 300/300 Energy 100/100 System Corruption 0% Temperature Cool (9) Movement Rolling (110) Location -10/Subcaves Parts ------- > --- POWER (1) -------- (None) > --- PROPULSION (2) --- Aluminum Leg Subdweller Monowheel > --- UTILITY (2) ------ Medium Storage Unit > --- WEAPON (2) ------- Hammer > --- INVENTORY (10) --- Subdweller Power Source Aluminum Leg Arachnoskeleton Improved Heat Sink Sensor Array Signal Interpreter Seismic Detector Subdweller Machine Gun Peak State ------------ > --- POWER ------------ Ion Engine > --- PROPULSION ------- Subdweller Monowheel Subdweller Monowheel > --- UTILITY ---------- Medium Storage Unit Light Armor Plating > --- WEAPON ----------- Riot Gun Light Assault Rifle > --- INVENTORY -------- Ion Engine Aluminum Leg Aluminum Leg Improved Heat Sink Sensor Array Signal Interpreter Seismic Detector Medium Laser Subdweller Machine Gun Hammer [Rating: 12] Favorites ----------- Power Ion Engine Engine Ion Engine Propulsion Aluminum Leg Treads Light Treads Leg Aluminum Leg Wheel Subdweller Monowheel Utility Seismic Detector Device Seismic Detector Storage Medium Storage Unit Protection Light Armor Plating Weapon Light Assault Rifle Energy Gun Medium Laser Ballistic Gun Light Assault Rifle Impact Weapon Hammer Build | -11 -10 -10 ------- Run | Yrd Mat Sub Slots Evolved . | . . . Power . | . . . Propulsion . | . . . Utility . | . . . Weapon . | . . . Parts Attached 28 | 8 10 10 Power 4 | 2 1 1 Engine 4 | 2 1 1 Core . | . . . Reactor . | . . . Propulsion 10 | 2 6 2 Treads 2 | 2 . . Leg 6 | . 6 . Wheel 2 | . . 2 Hover . | . . . Flight . | . . . Utility 6 | 2 2 2 Device 2 | 1 1 . Storage 2 | 1 1 . Processor . | . . . Hackware . | . . . Protection 2 | . . 2 Artifact . | . . . Weapon 8 | 2 1 5 Energy Gun 2 | . . 2 Energy Cannon . | . . . Ballistic Gun 5 | 2 . 3 Ballistic Cannon . | . . . Launcher . | . . . Special Weapon . | . . . Impact Weapon 1 | . 1 . Slashing Weapon . | . . . Piercing Weapon . | . . . Special Melee Weapon . | . . . Unidentified Prototypes . | . . . Parts Lost 9 | . 1 8 Power 2 | . . 2 Propulsion 1 | . . 1 Utility 2 | . . 2 Weapon 4 | . 1 3 Highest Loss Streak 5 | . 1 5 To Critical Strikes . | . . . Average Backups 8 | 3 8 9 Power 1 | . 1 . Propulsion 1 | . 2 2 Utility 2 | . 2 4 Weapon 2 | 1 2 2 Tool/Special . | . . . Unused Backups 17 | 1 10 6 Power 4 | . 3 1 Propulsion 5 | 1 3 1 Utility 6 | . 3 3 Weapon 2 | . 1 1 Tool/Special . | . . . Average Slot Usage (%) 98 | . 99 96 Engine 14 | . 14 14 Treads 4 | . 7 . Leg 20 | . 20 21 Wheel 2 | . . 6 Device 11 | . 14 7 Storage 14 | . 14 14 Protection 1 | . . 4 Energy Gun 1 | . . 4 Ballistic Gun 17 | . 18 15 Impact Weapon 8 | . 9 7 Peak Build Rating 12 | 7 8 12 Average Rating 8 | 5 7 9 On Entrance 5 | . 7 8 Naked Turns . | . . . Heaviest Build 24 | 14 20 24 Greatest Support 40 | 40 40 40 Greatest Overweight (x) 4 | . 4 1 Average Overweight (x) . | . . . Largest Inventory Capacity 10 | 8 10 10 Average Capacity 9 | 7 9 10 Most Carried 10 | 5 10 10 Average Carried 8 | 3 8 9 Final Capacity 10 | 8 10 10 Final Carried 10 | 5 10 10 Class Distribution -------------------- 100% | Mutant Dominant Class ---------------- Mutant | -10/Materials Mutant | -10/Subcaves Resources | -11 -10 -10 ----------- Run | Yrd Mat Sub Matter Collected 730 | 312 253 165 Remotely . | . . . Salvage Created 805 | 72 462 271 Parts 56 | 7 30 19 Haulers Intercepted 1 | . 1 . Recyclers Shooed . | . . . Parts Field Recycled . | . . . Retrieved Matter . | . . . Parts Self-Destructed 15 | . . 15 Prevented . | . . . Kills | -11 -10 -10 ------- Run | Yrd Mat Sub Combat Hostiles Destroyed 20 | . 13 7 Melee 2 | . 2 . Guns 18 | . 11 7 Classes Destroyed 7 | 2 4 1 Builder 1 | . 1 . Tunneler 1 | 1 . . Hauler 1 | . 1 . Recycler 2 | 1 1 . Swarmer 6 | . 6 . Grunt 7 | . 7 . Subdweller 7 | . . 7 Best Kill Streak 5 | 2 5 3 Combat Bots Only 4 | . 4 3 Max Kills in Single Turn 2 | 1 2 1 Gunslinging 1 | . 1 . Exploded . | . . . Melee 1 | . 1 . Uniques/NPCs Destroyed . | . . . Combat | -11 -10 -10 -------- Run | Yrd Mat Sub Hostile Shots Fired 124 | . 58 66 Missed 23 | . 11 12 Hits 101 | . 47 54 Projectile 101 | . 47 54 Critical Strikes 1 | . 1 . Damage Taken 1681 | . 444 1237 Core 273 | . 57 216 Absorbed by Shields . | . . . Regen/Repaired (Parts) 19 | . 19 . Core Remaining (%) 100 | 100 . . Volleys Fired 67 | 8 26 33 Largest 2 | 2 2 2 Hottest 80 | 40 40 80 Shots Fired 123 | 16 48 59 Gun 123 | 16 48 59 Cannon . | . . . Launcher . | . . . Special . | . . . Kinetic 104 | 16 48 40 Thermal 18 | . . 18 Explosive . | . . . Electromagnetic 1 | . . 1 Robot Hit Streak 19 | 8 15 19 Robot Miss Streak 2 | 1 2 1 Penetration Max . | . . . Secondary Targets 3 | . 2 1 Max Gunslinging Chain 1 | . 1 1 Shots Hit Robots 100 | 11 38 51 Core Hits 38 | 3 20 15 Critical Kills 1 | . 1 . Critical Parts Destroyed 1 | . 1 . Critical Strikes 5 | . 2 3 Burn 2 | . . 2 Destroy 1 | . . 1 Smash 2 | . 2 . Melee Attacks 32 | . 26 6 Impact 32 | . 26 6 Slashing . | . . . Piercing . | . . . Sneak Attacks 2 | . 2 . Combat Hostiles . | . . . Follow-up Attacks . | . . . Damage Inflicted 1409 | 115 563 731 Guns 1217 | 115 371 731 Cannons . | . . . Explosions . | . . . Melee 192 | . 192 . Ramming . | . . . Kinetic 1034 | 115 371 548 Thermal 162 | . . 162 Explosive . | . . . Electromagnetic 21 | . . 21 Impact 192 | . 192 . Slashing . | . . . Piercing . | . . . Highest Corruption . | . . . Average Corruption . | . . . Corruption Purged . | . . . Corruption Blocked . | . . . Overload Shots . | . . . Overflow Damage 58 | . 58 . Projectiles . | . . . Explosions . | . . . Melee 58 | . 58 . Knockbacks . | . . . Impact . | . . . Kinetic . | . . . Secondary . | . . . Self-Inflicted Damage . | . . . Shots . | . . . Rammed . | . . . Targets Rammed . | . . . Kicked . | . . . Crushed . | . . . Highest Temperature 7 | . 6 7 Average Temperature 6 | . 6 6 Received Heat Transfer 303 | . 102 201 Siege Activations . | . . . Martial Activations . | . . . Shielding Activations . | . . . Robots Disrupted . | . . . Combat Hostiles . | . . . Robots Corrupted 2 | . 2 . Combat Hostiles . | . . . Parts Fried 1 | . 1 . Impact Corruptions 2 | . 2 . Robots Melted . | . . . Combat Hostiles . | . . . Parts Melted 1 | . . 1 Heat Transferred 629 | . . 629 Parts Sabotaged . | . . . Parts Stolen . | . . . Parts Stripped . | . . . Power Chain Reactions . | . . . Alert | -11 -10 -10 ------- Run | Yrd Mat Sub Maximum Alert Level . | . . . Low Security (%) 100 | 100 100 . Level 1 . | . . . Level 2 . | . . . Level 3 . | . . . Level 4 . | . . . Level 5 . | . . . High Security . | . . . Max Security . | . . . Peak Influence 186 | 5 186 . Initial . | . . . Average 68 | 1 76 . Influence Increases 408 | 10 398 . Destroy 0b10 Robot/C 260 | . 260 . Destroy 0b10 Robot/NC 25 | 10 15 . Destroy Leader 52 | . 52 . Successful Hack 31 | . 31 . Disable Machine 30 | . 30 . Destroy Structure 10 | . 10 . Influence Decreases 408 | 10 398 . Time Decay 398 | 10 388 . Lost Part 10 | . 10 . Squads Dispatched 3 | . 3 . Investigation 1 | . 1 . Extermination . | . . . Reinforcement 2 | . 2 . Assault . | . . . Garrison . | . . . Intercept . | . . . Searches Triggered . | . . . Construction Impeded . | . . . Haulers Reinforced . | . . . Active Scanning Responses . | . . . Cargo Convoy Interrupts . | . . . Stealth | -11 -10 -10 --------- Run | Yrd Mat Sub Distress Signals 3 | . 3 . Communications Jammed . | . . . Distress Signals . | . . . Times Spotted 30 | . 21 9 Peak Tracking Total 5 | . 5 3 Tactical Retreats . | . . . Traps | -11 -10 -10 ------- Run | Yrd Mat Sub Traps Triggered 1 | . 1 . Indirectly . | . . . Trap Hack Attempts . | . . . Triggered . | . . . Disarmed . | . . . Reprogrammed . | . . . Reused . | . . . Traps Extracted . | . . . Installed . | . . . Triggered . | . . . Machines | -11 -10 -10 ---------- Run | Yrd Mat Sub Machines Disabled 2 | . 2 . Max in Single Turn 1 | . 1 . Machines Repaired . | . . . Machines Dismantled . | . . . Machines Sabotaged . | . . . Overloaded Fab Kills . | . . . Hacking | -11 -10 -10 --------- Run | Yrd Mat Sub Machines Accessed 9 | . 8 1 Terminals 6 | . 6 . Fabricators . | . . . Repair Stations 1 | . 1 . Recycling Units 1 | . 1 . Scanalyzers . | . . . Garrison Access . | . . . Total Hacks 41 | . 32 9 Successful 28 | . 19 9 Failed 13 | . 13 . Catastrophic . | . . . Database Lockouts . | . . . Manual 25 | . 25 . Terminals 25 | . 25 . Fabricators . | . . . Repair Stations 2 | . 2 . Recycling Units 5 | . 5 . Scanalyzers . | . . . Garrison Access . | . . . Terminal Hacks 10 | . 1 9 Record 8 | . . 8 Locate Traps 1 | . 1 . Proto ID Catalog 1 | . . 1 Fabricator Hacks . | . . . Repair Station Hacks 2 | . 2 . Scan Component 1 | . 1 . Repair 1 | . 1 . Recycling Unit Hacks 2 | . 2 . Retrieve Matter 1 | . 1 . Retrieve Components 1 | . 1 . Scanalyzer . | . . . Garrison Access Hacks . | . . . Unauthorized Hacks 14 | . 14 . Terminals 13 | . 13 . Assimilate 3 | . 3 . Botnet 5 | . 5 . Skim 5 | . 5 . Fabricators . | . . . Repair Stations . | . . . Recycling Units 1 | . 1 . Recyclers 1 | . 1 . Scanalyzers . | . . . Garrison Access . | . . . Data Cores Recovered . | . . . Used . | . . . Hacking Detections 7 | . 7 . Full Trace Events 1 | . 1 . Feedback Events . | . . . Feedback Blocked . | . . . Robot Schematics Acquired . | . . . Robots Built . | . . . Authchips . | . . . Time . | . . . Total Robot Build Rating . | . . . Part Schematics Acquired . | . . . Parts Built . | . . . Authchips . | . . . Time . | . . . Total Part Build Rating . | . . . Parts Repaired 1 | . 1 . Time 38 | . 38 . Parts Recycled . | . . . Recycled Matter . | . . . Retrieved Matter 77 | . 77 . Retrieved Components 9 | . 9 . Parts Scanalyzed . | . . . Part Schematics Acquired . | . . . Parts Damaged . | . . . Bothacking | -11 -10 -10 ------------ Run | Yrd Mat Sub Used RIF Installer . | . . . Robots Hacked . | . . . Non-combat . | . . . Combat . | . . . Robot Hacks Applied . | . . . Relay Couplers Released . | . . . Fabnet Peak Effective % . | . . . Robots Rewired . | . . . Allies Hacked . | . . . Hacks Repelled . | . . . Allies | -11 -10 -10 -------- Run | Yrd Mat Sub Total Allies . | . . . Largest Group . | . . . Highest-Rated Group . | . . . Highest-Rated Ally . | . . . Total Orders . | . . . Ally Attacks . | . . . Total Damage . | . . . Kills . | . . . Allies Corrupted . | . . . Allies Melted . | . . . Intel | -11 -10 -10 ------- Run | Yrd Mat Sub Active Infowar (turns) 1519 | 59 1149 311 Seismic 1519 | 59 1149 311 Robot Analysis Total . | . . . Derelict Logs Recovered 1 | . . 1 Drone Launches . | . . . Drone Recoveries . | . . . Exploration | -11 -10 -10 ------------- Run | Yrd Mat Sub Turns Passed 1918 | 134 1149 635 Spaces Moved 1129 | 61 705 363 Core 3 | 2 1 . Treads 196 | 59 137 . Legs 797 | . 567 230 Wheels 133 | . . 133 Hover . | . . . Flight . | . . . Fastest Speed 50 | 50 120 110 Average Speed 131 | 156 128 134 Slowest Speed 250 | 160 250 190 Overloaded Moves . | . . . Propulsion Burnouts . | . . . Robots Hopped . | . . . Potential Cave-ins . | . . . Cave-ins Triggered . | . . . Exploration Rate (%) 42 | 4 98 25 Regions Visited 2 Branch Regions 1 Pre-discovered Areas 1 | . 1 . Known Exits Taken . | . . . Unknown Exits Taken 2 | 1 1 . Scrap Searched 3 | . . 3 Spaces Dug 10 | . 10 . Terrain Destroyed 10 | . 10 . Melee 10 | . 10 . Projectile . | . . . AOE . | . . . Terrain Rammed . | . . . Walls Destroyed . | . . . Machines Disabled . | . . . Actions | -11 -10 -10 --------- Run | Yrd Mat Sub Total 1397 | 82 872 443 Wait 88 | . 69 19 Move 1127 | 60 704 363 Hop . | . . . Pick Up 26 | 5 18 3 Fast Attach 12 | 7 2 3 Attach 5 | . 1 4 Detach . | . . . Swap 16 | 1 8 7 Drop 24 | 1 18 5 Fire 67 | 8 26 33 Melee 32 | . 26 6 Ram . | . . . Kick . | . . . Crush . | . . . Escape Stasis . | . . . Rewire . | . . . Trap . | . . . Miscellaneous . | . . . Route ------- -11/Scrapyard -10/Materials (discovered 6 exits: [*Mat x3] / [*Min x2] / *Sub) -10/Subcaves (discovered 2 exits: Mat / Rec) History --------- Turn | Location | Event 17 | -11/Scrapyard | Discovered new exit (range 16) 135 | -11/Scrapyard | Entered Materials 161 | -10/Materials | Discovered new exit (range 16) 307 | -10/Materials | Build established: Mutant 547 | -10/Materials | Discovered new exit (range 5) 756 | -10/Materials | Loaded intel: 8 terminal locations 830 | -10/Materials | Learned location of 2 exits from Subcaves 842 | -10/Materials | Discovered new exit (range 9) 896 | -10/Materials | Learned Storage stockpile data 947 | -10/Materials | Discovered new exit (range 14) 951 | -10/Materials | Learned Storage trap positions 996 | -10/Materials | Learned Storage stockpile data 1033 | -10/Materials | Learned 2 Mines zone layouts 1078 | -10/Materials | Discovered new exit (range 16) 1080 | -10/Materials | Learned location of Storage (-7) 1143 | -10/Materials | Repaired Imp. Heat Sink 1277 | -10/Materials | Discovered new exit (range 6) 1284 | -10/Materials | Entered Subcaves 1285 | -10/Subcaves | Approached by a straggling Scientist 1285 | -10/Subcaves | Identified exit to Recycling 1285 | -10/Subcaves | Identified exit to Materials 1489 | -10/Subcaves | Visited 4L-MR0's lab 1689 | -10/Subcaves | A Subdweller sparked back to life 1689 | -10/Subcaves | A Subdweller sparked back to life 1689 | -10/Subcaves | A Subdweller sparked back to life 1734 | -10/Subcaves | Found Arachnoskeleton 1741 | -10/Subcaves | Lost 5 parts (1p1n1u2w) 1761 | -10/Subcaves | A swath of the cavern ceiling suddenly collapsed 1782 | -10/Subcaves | Core integrity fell below 50% 1820 | -10/Subcaves | Core integrity fell below 20% 1919 | -10/Subcaves | Destroyed by JQ-RD4(R) with Subdweller Beam Cannon Last Messages --------------- to Scrap Shield. 01725_ 25-FXR(R) destroyed. 01728_ Acquired 51 matter. 01731_ Acquired 4 matter. 01734_ Acquired Arachnoskeleton. 01739_ Acquired 10 matter. A swath of the cavern ceiling suddenly collapses. 01789_ X3-CLR(R) suffers critical hit (Burn). 01792_ X3-CLR(R) destroyed. 01799_ Acquired 8 matter. 01801_ Acquired Sub. Power Source. 01818_ LH-XVY(R) affixes Scrap Shield Fragment to Scrap Shield. 01821_ Lgt. Armor Plating destroyed. 01827_ LH-XVY(R) suffers critical hit (Burn). 01830_ LH-XVY(R) destroyed. 01834_ Acquired 11 matter. 01916_ Ion Engine destroyed. 01917_ Med. Laser destroyed. Map ----- +----------------------------------------------------+ | ?????????????????????????????????????????????????? | | ?????????????????????????????????????????????????? | | ?????????????????????????????????????????????????? | | ?????????????????????????????????????????????????? | | ?????????????????????????????????????????????????? | | ?????????????????????????????????????????????????? | | ?????????????????????????????????????????????????? | | ?????????????????????????????????????????????????? | | ?????????????????????????????????????????????????? | | ?????????????????????????????????????????????????? | | ?????????????????????????????????????????????????? | | ?????????????????????????????????????????????????? | | ?????????????????????????????????????????????????? | | ?????????????????????????????????????????????????? | | ?????????????????????????????????????????????????? | | ?????????????????????????????????????????????????? | | ?????????????????????????????????????????????????? | | ?????????????????????????????????????????????????? | | ?????????????????????????????????????????????????? | | ?????????????#???????????????????????????????????? | | ????????????## ?????????????????????????????????? | | ????????????# ????????????????????? ????????? | | ????????????# ?????????????####?"""""??????? | | ????????????# ??##########""##"" ???????? | | ????????????# # # ## """"""" ???????? | | ????????????# @ R """ #???????? | | ???????????????# %& R ###????????? | | ???????????????# ###### # "##??????????? | | ???????????????# ???????##### ##???????????? | | ???????????????#???????????####% #????????????? | | ???????????????????????????# #????????????? | | ?????????????????????????###% ##????????????? | | ????????????????????????## ###???????????? | | ???????????????????????## % #????????? | | ??????????????????????## ## ##????????? | | ??????????????????????# ##########?????????? | | ??????????????????????## ##?????????????????? | | ????????????????? ????# # ##?####???????????? | | ????????????????# ???## # % ## ##??????????? | | ????????????????# ??# ## ##?????????? | | ????????????????# #?# ?# #?????????? | | ????????????????? ## ?###% ## #?????? | | ?????????????????# ???# ##??? ??? | | ??????????????????? ##?# #?????? ???? | | ?????????????????????### ### #???????? ????? | | ????????????????????#### ##??????????????? | | ???????????????????## #??????????????? | | ??????????????????## ## ##??????????????? | | ??????????????????# ####???????????????? | | ??????????????????# ###??????????????????? | +----------------------------------------------------+ Best States ------------- Heat Dissipation 25 Energy Generation 10 Energy Capacity 250 Matter Stores 300 Matter Capacity 300 Sight Range 16 Terrain Scan Density 10 Armor Coverage 150 Evasion (%) 55 Recoil Reduction 2 Item Schematics ----------------- None Robot Schematics ------------------ None Fabricated ------------ Nothing Repaired ---------- Imp. Heat Sink | 52% | -10/Materials Alien Tech Used ----------------- None Achievements -------------- None Challenges ------------ None Game ------ Seed ControlTeslaTelecube Manual? 0 Play Time 00:21:40 Cumulative 92.4 hours Start 2025.07.19 @ 22:27:16 End 2025.07.19 @ 22:47:51 Sessions 1 Manual Loads 0 Difficulty Rogue Special Mode None Game No. 104 Rogue 104 Adventurer 0 Explorer 0 Win Type - Total 0 Types 0/0/0/0/0/0/0/0/0/0 Lore% 52 Gallery% 41 Achievement% 32 Wizard Run 0 Options --------- Layout 1 ASCII 0 Keyboard 0 Movement Mouse Keybinds 0 Fullscreen 2 Font 48/Smallcaps Map View 50x35 Zoom Use 0% Tactical HUD 1 Map Filters NONE Filters NONE Steam 0 RUN: 397314f4-65bd-486a-ae88-b9eb999bbae1